Tone I, chaotic male elven Wizard ---- ...). ...%.. ..%.. ..).} 1 . [..} | | ..} | @ | ..} --------------}. ..| .... %.}}}| |......o...|}}}2z -...| -------..... ....} |.....oToC2|}fbY1. | |.....|..%.......} |.....`TTCT@@Zh.... ..| |.....%........}} | |.......Go2|}}}M.... -...| |..$`.|........} ---------------------------}12... | |$.%..|........} | }}}}}}}}}}}}}}}}}}}}}| |}.i... | |. -%----..%[))} -}....................}-----}...... | |....| ..)%}}}}}}}.............%....[.}}}}}}}...... |.%^.| .......%.......................[.[)........ ------ ..[[.[%)%...................2.[[..[...... ...`%%[............................... ----- ------------- ------------ Tone I the Magician Experience level: 11 Strength: 8 Dexterity: 12 Constitution: 13 Intelligence: 20 Wisdom: 14 Charisma: 9 Health: 0(68) Energy: 105(142) Def: 3 Gold: 68 Moves: 4359 Dungeon seed: ZKtIBdy3l7b0RiUA Game ID: Tone I_1529200058 Your Inventory: Coins $ - 68 gold pieces Weapons a - a blessed +1 quarterstaff Armor e - a cursed +0 cloak of magic resistance (being worn) q - an uncursed +0 pair of high boots r - an uncursed +0 small shield z - an uncursed +0 shield of reflection (being worn) N - an uncursed +0 helmet Comestibles v - 2 uncursed C-rations P - an uncursed lizard corpse Q - an uncursed clove of garlic Scrolls j - an uncursed scroll of blank paper s - a blessed scroll of charging t - an uncursed scroll of teleportation u - a cursed scroll of create monster A - a cursed scroll of stinking cloud Potions f - an uncursed potion of booze g - a blessed potion of booze h - a blessed potion of healing B - an uncursed potion of monster detection G - an uncursed potion of healing Rings c - a blessed +1 ring of gain constitution d - an uncursed ring of sustain ability (on right hand) x - a blessed ring of polymorph control (on left hand) Wands b - an uncursed wand of cold (0:2) l - an uncursed wand of cancellation (0:3) w - an uncursed wand of death (0:0) y - a blessed wand of polymorph (0:0) C - an uncursed wand of lightning (0:4) D - an uncursed wand of striking named empty? (0:0) E - an uncursed wand of fire (0:6) K - an uncursed wand of digging (0:2) W - an uncursed wand of magic missile (0:6) Tools n - an uncursed bugle p - an uncursed +0 pick-axe (weapon in hand) H - an uncursed brass lantern (0:1431) I - an uncursed blindfold L - an uncursed oil lamp (lit) (0:593) R - an uncursed towel V - the blessed rustproof Master Key of Thievery X - an uncursed magic marker (1:2) Spells and supernatural/magical abilities: Name Level Category Fail Memory a - force bolt 1 attack 72% 79% c - cause fear 3 enchantment 72% 79% W - pray for help -- divine ? -- Your skills at the end: Fighting Skills Weapon Skills quarterstaff [Basic] Spellcasting Skills attack spells [Skilled] enchantment spells [Basic] Final Attributes: You were piously aligned. You were sleep resistant. You were magic-protected. You were warned. You had infravision. You had teleport control. You had polymorph control. You had reflection. You had fixed abilities. You are dead. Vanquished creatures: a demilich a trapper a captain 2 liches 3 nurses an Aleax 7 lieutenants 3 fire giants an ogre king an ice troll a long worm 2 stalkers 2 fire elementals a water elemental a hill giant a giant mummy 3 black nagas 9 sergeants a water demon 2 wargs 2 small mimics 2 warhorses an ettin mummy an ogre lord 2 trolls a freezing sphere a tiger 2 tengu a stone giant an elf mummy 2 human mummies 2 wraiths a carnivorous ape an ettin zombie 61 soldiers a cockatrice 4 wolves 3 giant spiders a horse an ice vortex a forest centaur 3 rust monsters 2 werewolves a giant eel 2 lizards 5 chickatrices a dog 2 dingos a jaguar a dwarf lord a raven a plains centaur 7 bugbears a mountain nymph 2 Uruk-hai 2 yellow lights a shrieker 6 gnome lords 3 gnomish wizards an elf zombie a straw golem a floating eye a kitten 8 dwarves a kobold lord 5 rothes 2 dwarf zombies 2 wererats an iguana a hobbit 12 hobgoblins 19 gnomes a gecko 3 jackals a goblin a sewer rat 4 grid bugs a lichen 2 kobold zombies 2 newts 248 creatures vanquished. Genocided or extinct species: soldiers sergeants lieutenants 3 species genocided. 1 species extinct. Voluntary challenges: You had followed a strict vegan diet until turn 2403. You had followed a strict vegetarian diet until turn 3299. You used a wielded weapon 168 times, starting on turn 37. You read items or engraved 501 times, starting on turn 529. You genocided 3 types of monsters, starting on turn 4012. You never polymorphed an object. You changed form 5 times, starting on turn 3287. You used 7 wishes, starting on turn 3253. You wished for your your first artifact on turn 3582. You never split a pudding. You wrote Elbereth's name 451 times, starting on turn 529. You violated your moral code, losing 26 points of alignment, starting on turn 2436. Dungeon overview: The Dungeons of Doom: levels 1 to 27 Level 1 a long staircase Level 2 a general store Level 3 an altar to Thoth stairs to The Gnomish Mines Level 4 Level 5 a fountain Level 6 Level 7 a fountain Level 8 Level 9 Level 10 Level 11 a fountain Level 12 a fountain Level 13 an altar to Ptah, a fountain portal to Fort Ludios Level 14 Level 15 a general store Level 16 Level 17 Level 18 Level 19 Level 20 Level 21 Level 22 Level 23 Level 24 Level 25 Level 26 Level 27 The Gnomish Mines: levels 4 to 7 Level 4 stairs to The Dungeons of Doom Level 5 Level 6 Level 7 some shops, a temple to Anhur, some fountains Fort Ludios: Level 1 <- You were here a throne portal to The Dungeons of Doom History has recorded: On T:1 you entered the Dungeons of Doom to retrieve the Amulet of Yendor! On T:171 you reached level 2 of The Dungeons of Doom. On T:329 you reached level 3 of The Dungeons of Doom. On T:336 you advanced to experience level 2. On T:443 you reached level 1 of The Gnomish Mines. On T:517 you advanced to experience level 3. On T:542 you advanced to experience level 4. On T:611 you reached level 2 of The Gnomish Mines. On T:629 you advanced to experience level 5. On T:737 you reached level 3 of The Gnomish Mines. On T:801 you reached level 4 of The Gnomish Mines. On T:901 you advanced to experience level 6. On T:1191 you reached level 4 of The Dungeons of Doom. On T:1196 you reached level 5 of The Dungeons of Doom. On T:1220 you reached level 6 of The Dungeons of Doom. On T:1251 you reached level 7 of The Dungeons of Doom. On T:1276 you reached level 8 of The Dungeons of Doom. On T:1317 you reached level 9 of The Dungeons of Doom. On T:1344 you reached level 10 of The Dungeons of Doom. On T:1368 you reached level 11 of The Dungeons of Doom. On T:1408 you reached level 12 of The Dungeons of Doom. On T:1432 you reached level 13 of The Dungeons of Doom. On T:1468 you reached level 14 of The Dungeons of Doom. On T:1521 you reached level 15 of The Dungeons of Doom. On T:1638 you reached level 16 of The Dungeons of Doom. On T:1664 you reached level 17 of The Dungeons of Doom. On T:1687 you reached level 18 of The Dungeons of Doom. On T:1741 you reached level 20 of The Dungeons of Doom. On T:1765 you reached level 21 of The Dungeons of Doom. On T:1797 you reached level 22 of The Dungeons of Doom. On T:1821 you reached level 23 of The Dungeons of Doom. On T:1845 you reached level 24 of The Dungeons of Doom. On T:1868 you reached level 25 of The Dungeons of Doom. On T:1891 you reached level 26 of The Dungeons of Doom. On T:1914 you reached The Castle. On T:1994 you advanced to experience level 7. On T:2032 you advanced to experience level 8. On T:2137 you advanced to experience level 9. On T:2448 you advanced to experience level 10. On T:2915 you advanced to experience level 11. On T:3253 you wished for "blessed wand of polymorph". On T:3256 you wished for "blessed ring of polymorph control". On T:3559 you wished for "2 blessed scrolls of charging". On T:3561 you wished for "2 cursed scrolls of teleportation". On T:3582 you wished for "blessed fixed master key of thievery". On T:3635 you wished for "uncursed magic marker". On T:3722 you wished for "2 uncursed scrolls of genocide". On T:3916 you reached Fort Ludios. On T:4188 you advanced to experience level 11. Score breakdown: Gold: 68 ( 6255 points) Experience: 11 levels (17616 points) Exploration: 27 levels ( 57.45%) (22554 points) Discoveries: 5 items ( 1.80%) ( 4023 points) Valuables value: (no points given unless you survive) Artifact value: 3500 (12056 points) Variety of kills: 80 monsters ( 21.00%) (13746 points) Turncount: 4359 turns (-1151 points) Survival: died (score multiplied by 80%) Total score: 60079 Latest messages: You sense a faint wave of psychic energy. The goblin throws a crude dagger! The crude dagger misses the troll. The crude dagger hits the forest centaur. You add to the writing in the frost with your fingers. The dwarf wields an angled poleaxe! Croesus swings his two-handed sword. Croesus hits! The forest centaur shoots an arrow! The arrow misses the python. The arrow hits Croesus. You add to the writing in the frost with your fingers. Croesus swings his two-handed sword. Croesus hits! Croesus swings his two-handed sword. Croesus hits! The dwarf wields a pick-axe! Croesus swings his two-handed sword. Croesus hits! A mysterious force prevents the tengu from teleporting! The troll wields a single-edged polearm! The troll picks up 2 crossbow bolts. You add to the writing in the frost with your fingers. Croesus swings his two-handed sword. Croesus hits! You die... Final status: Goodbye Tone I the Wizard, killed by Croesus... You died in Fort Ludios with 60079 points, and 68 pieces of gold, after 4359 moves. You were level 11 with a maximum of 68 hit points when you died.